 Dungeon Crawl Stone Soup version 0.16.1-4-g8e1b745 (console) character file.

52012 Monkaria the Fencer (level 14, 0/121 HPs)
             Began as a Minotaur Fighter on Mar 27, 2015.
             Was a High Priest of Nemelex Xobeh.
             Slain by a komodo dragon (19 damage)
             ... on level 5 of the Lair of Beasts.
             The game lasted 00:43:17 (16507 turns).

Monkaria the Fencer (Minotaur Fighter)             Turns: 16507, Time: 00:43:18

Health: 0/121      AC: 19    Str: 27    XL:     14   Next: 25%
Magic:  5/5        EV: 13    Int:  9    God:    Nemelex Xobeh [*****.]
Gold:   1304       SH:  0    Dex:  7    Spells: 0 memorised, 13 levels left

rFire  + . .     SeeInvis .     M - +3 scimitar (flame)
rCold  . . .     Clarity  .     V - +1 scale mail {rPois}
rNeg   + + .     SustAb   .     (no shield)
rPois  +         Gourm    +     (helmet unavailable)
rElec  .         Spirit   .     Q - +0 cloak (curse)
rCorr  .         Warding  .     y - +0 pair of gloves
rMut   .         Stasis   .     (no boots)
MR     +....                    D - amulet "Feesemm Xerch" {Gourm rN+ Int+4 Dex-3}
Stlth  ..........               g - ring of positive energy
                                s - +2 ring of strength

@: somewhat resistant to hostile enchantments, extremely unstealthy
A: retaliatory headbutt, horns 3, rough black scales 1, fire resistance 1,
shaggy fur 1
a: Triple Draw, Deal Four, Stack Five, Renounce Religion


You were on level 5 of the Lair of Beasts.
You worshipped Nemelex Xobeh.
Nemelex Xobeh was extremely pleased with you.
You were completely stuffed.

You visited 3 branches of the dungeon, and saw 18 of its levels.
You also visited: Sewer.

You collected 1304 gold pieces.

Inventory:

Hand weapons
 I - a +0 blowgun
 M - a +3 scimitar of flaming (weapon)
 R - the +14 plutonium sword {Contam Stlth-}
   (You found it on level 8 of the Dungeon)

   It causes magical contamination when unequipped.
   It makes you less stealthy.
Missiles
 J - 22 poisoned needles
Armour
 y - a +0 pair of gloves (worn)
 Q - a cursed +0 cloak (worn)
 V - a +1 scale mail of poison resistance (worn)
Jewellery
 g - a ring of positive energy (right hand)
 s - a +2 ring of strength (left hand)
 D - the amulet "Feesemm Xerch" (around neck) {Gourm rN+ Int+4 Dex-3}
   (You found it on level 5 of the Dungeon)

   [amulet of the gourmand]

   It allows you to eat raw meat even when not hungry.
   It affects your intelligence (+4).
   It affects your dexterity (-3).
   It protects you from negative energy.
Magical devices
 b - a wand of teleportation (2)
 O - a wand of draining (8)
 U - a wand of invisibility (6)
Scrolls
 c - 4 scrolls of enchant weapon {unknown}
 f - a scroll of acquirement {unknown}
 k - 2 scrolls of magic mapping
 x - 4 scrolls of blinking
 B - 5 scrolls of remove curse
 F - 2 scrolls of enchant armour {unknown}
 P - 7 scrolls of teleportation {unknown}
Potions
 e - 4 potions of might
 h - 5 potions of haste
 i - 2 potions of curing
 m - a potion of cancellation
 p - 5 potions of agility
 q - 2 potions of resistance
 r - 2 potions of invisibility
 u - a potion of poison {unknown}
 v - a potion of mutation {unknown}
 A - 3 potions of berserk rage
 C - 2 potions of magic
 E - 5 potions of heal wounds
 S - a potion of flight {unknown}
 T - a potion of lignification
 W - a potion of degeneration {unknown}
Miscellaneous
 a - a legendary deck of destruction
 j - a legendary deck of destruction
 l - a plain deck of war
 n - an ornate deck of destruction
 o - a legendary deck of escape
 t - a legendary deck of escape
 w - an ornate deck of war
 G - a plain deck of escape
 K - an ornate deck of escape {drawn: 2}
 N - an ornate deck of destruction {drawn: 3}
 X - a legendary deck of war {drawn: 1}
 Z - a stone of tremors
Comestibles
 d - 15 bread rations
 z - a meat ration


   Skills:
 - Level 10.1 Fighting
 - Level 19.1 Long Blades
 + Level 14.0 Armour
 - Level 10.6 Dodging
   Level 3.6 Shields


You had 13 spell levels left.
You didn't know any spells.

Dungeon Overview and Level Annotations

Branches:
Dungeon (12/15)            Temple (1/1) D:4            Lair (5/8) D:8
    Orc (0/4) D:12
  Swamp: Lair:3-6    Shoals: Lair:3-6     Snake: Lair:3-6    Spider: Lair:3-6

Altars:
Ashenzari
Cheibriados
Dithmenos
Elyvilon
Fedhas
Gozag
Kikubaaqudgha
Makhleb
Nemelex Xobeh
Okawaru
Qazlal
Ru
Sif Muna
Trog
Vehumet
Xom
Yredelemnul
Zin
The Shining One

Shops:
D:10 (   D:12 =


Innate Abilities, Weirdness & Mutations

You reflexively headbutt those who attack you in melee.
You have a pair of large horns on your head.
You are partially covered in rough black scales (AC +4, Dex -1).
Your flesh is heat resistant.
You are covered in fur (AC +1).


Message History

The worker ant is lightly wounded.
You feel sick. The worker ant misses you. The komodo dragon misses you.
You furiously retaliate!
You headbutt the komodo dragon!
The worker ant bites you but does no damage.
The komodo dragon bites you!
* * * LOW HITPOINT WARNING * * *
Quiver which item? (- for none, * to show all) (? for menu, Esc to quit)
Okay, then.
Drink which item? (? for menu, Esc to quit)
You feel better. The worker ant closely misses you.
The worker ant closely misses you. You furiously retaliate!
You headbutt the worker ant, but do no damage.
The komodo dragon bites you but does no damage.
Evoke which item? (* to show all) (? for menu, Esc to quit)
You draw a card...
It is Velocity.
The worker ant seems to speed up.
The komodo dragon seems to speed up.
The worker ant bites you but does no damage.
The komodo dragon bites you!!
You die...
Your body disappears without a glow.

.#..#.##.#...###.... .
.#.....#.###.##........
..#.....# ##..........
......................
..>.#.............#..##...
...P..................#<..
..................#P....P#
................al.....#
................@......##..
...........................
..........#..#.............
##.......##................
P........#..............#..
........PP...P.............
......#.P..................
.....†.#......#..†.........
P..........#.#.#...#.....P.


You could see a komodo dragon and a worker ant.

Vanquished Creatures
  Josephine (D:11)
  3 hydras
  Harold (D:11)
  Erica (D:11)
  The ghost of cribozai the Destroyer, a powerful OpCj of Kikubaaqudgha (D:11)
  Pikel (D:6)
  A hill giant (D:10)
  2 cyclopes (D:11)
  4 ugly things
  A centaur zombie (D:11)
  4 black mambas
  6 spiny frogs
  A centaur skeleton (D:11)
  A queen ant (Lair:5)
  A gargoyle (D:11)
  6 komodo dragons
  2 kobold demonologists (D:11)
  A two-headed ogre (D:12)
  4 trolls
  2 blink frogs (Lair:5)
  A slime creature (D:11)
  A basilisk (Lair:1)
  A wyvern (D:11)
  A spriggan (D:8)
  2 deep elf magi
  A vampire (D:12)
  13 yaks
  A hog (Lair:5)
  3 hungry ghosts
  2 hippogriffs
  3 wraiths (D:11)
  2 steam dragons
  18 soldier ants (Lair:5)
  A mottled dragon (D:8)
  9 wolves (Lair:2)
  9 water moccasins
  3 sky beasts
  An orc warrior (D:11)
  4 porcupines
  2 ice beasts
  2 black bears
  2 ogres
  3 centaurs
  3 phantoms
  5 crocodiles
  Sigmund (D:2)
  A big kobold (D:11)
  10 giant frogs
  4 wights (D:8)
  5 scorpions
  A troll zombie (D:12)
  8 killer bees
  A lava snake (Lair:2)
  An electric eel (Lair:4)
  3 crimson imps
  A giant frog zombie (D:9)
  2 goliath beetles (D:6)
  5 orc priests
  10 hounds
  2 quasits (D:8)
  5 giant frog skeletons
  4 jellies
  9 orc wizards
  14 iguanas
  21 worker ants
  19 sheep
  7 ogre zombies (D:12)
  2 hound skeletons
  15 river rats
  22 adders
  2 shadow imps (D:11)
  3 giant mites
  5 worms
  An adder skeleton (D:4)
  6 giant geckos
  2 oozes
  37 orcs
  12 bats
  6 giant cockroaches
  11 goblins
  16 hobgoblins
  8 quokkas
  6 ball pythons
  10 giant newts
  A goblin skeleton (D:12)
  4 goblin zombies (D:12)
  A hobgoblin skeleton (D:12)
  A hobgoblin zombie (D:12)
  14 jackals
  16 kobolds
  4 orc skeletons (D:12)
  14 orc zombies (D:12)
  A quokka zombie (D:7)
  17 rats
  A ballistomycete (D:12)
  A fungus (D:8)
510 creatures vanquished.

Vanquished Creatures (collateral kills)
  Rupert (Lair:4)
  Maud (Lair:3)
  Snorg (Lair:4)
  The ghost of Psiweapon the Cleaver, a powerful HOFi of Makhleb (D:10)
  A hill giant (D:9)
  An ugly thing (D:11)
  A two-headed ogre (D:10)
  A black bear (D:7)
  An orc warrior (D:8)
  A centaur (D:8)
  2 crocodiles (Lair:4)
  A giant frog (Lair:4)
  A jelly (D:7)
  3 worker ants (Lair:5)
  A kobold (D:8)
  A rat (D:10)
19 creatures vanquished.

Vanquished Creatures (others)
  2 ravens (Lair:4)
  A vampire mosquito (D:9)
  2 dancing weapons
  A hell hound (Lair:4)
  2 wasps (D:11)
  3 centaurs (D:11)
  A hound (D:6)
  A giant spore (D:12)
  2 fungi
15 creatures vanquished.

Grand Total: 544 creatures vanquished

Notes
Turn   | Place    | Note
--------------------------------------------------------------
     0 | D:1      | Monkaria, the Minotaur Fighter, began the quest for the Orb.
     0 | D:1      | Reached XP level 1. HP: 19/19 MP: 1/1
   138 | D:1      | Reached XP level 2. HP: 27/27 MP: 1/1
   442 | D:1      | Reached XP level 3. HP: 33/33 MP: 2/2
   480 | D:1      | Reached skill level 4 in Long Blades
  1024 | D:2      | Noticed Sigmund
  1041 | D:2      | Killed Sigmund
  1041 | D:2      | Reached skill level 5 in Long Blades
  1041 | D:2      | Reached XP level 4. HP: 7/41 MP: 2/2
  1497 | D:2      | Reached XP level 5. HP: 40/47 MP: 2/2
  1566 | D:2      | Reached skill level 5 in Fighting
  2336 | D:4      | Reached skill level 6 in Long Blades
  2399 | D:4      | Reached XP level 6. HP: 47/56 MP: 3/3
  2615 | D:4      | Found a staircase to the Ecumenical Temple.
  2685 | Temple   | Entered the Ecumenical Temple
  2778 | Temple   | Became a worshipper of Nemelex Xobeh the Trickster
  2792 | Temple   | Reached skill level 8 in Fighting
  2792 | Temple   | Reached skill level 11 in Long Blades
  2792 | Temple   | Reached skill level 10 in Armour
  2792 | Temple   | Reached XP level 7. HP: 62/69 MP: 3/3
  2860 | D:4      | Received a gift from Nemelex Xobeh
  2899 | D:4      | Found an opulent altar of Gozag.
  3017 | D:4      | Found a shattered altar of Ashenzari.
  3138 | D:5      | Entered Level 5 of the Dungeon
  3225 | D:5      | Received a gift from Nemelex Xobeh
  3287 | D:5      | Found a bloodstained altar of Trog.
  3306 | D:5      | Found an ancient bone altar of Kikubaaqudgha.
  3325 | D:5      | Got a clouded jade amulet
  3471 | D:5      | Identified the amulet "Feesemm Xerch" {Gourm rN+ Int+4 Dex-3} (You found it on level 5 of the Dungeon)
  3663 | D:5      | Reached skill level 1 in Dodging
  3801 | D:6      | Found a glowing drain.
  3806 | D:6      | Reached XP level 8. HP: 36/78 MP: 3/3
  3987 | Sewer    | Entered a sewer
  4422 | D:6      | Received a gift from Nemelex Xobeh
  4702 | D:6      | Noticed Pikel
  4717 | D:6      | Killed Pikel
  5021 | D:6      | Reached skill level 5 in Dodging
  5127 | D:6      | Reached XP level 9. HP: 61/83 MP: 4/4
  5128 | D:6      | Found a sparkling altar of Nemelex Xobeh.
  5532 | D:7      | Received a gift from Nemelex Xobeh
  5839 | D:7      | Received a gift from Nemelex Xobeh
  5902 | D:7      | Found a glowing golden altar of the Shining One.
  6192 | D:8      | Acquired Nemelex Xobeh's first power
  6532 | D:8      | Found a basalt altar of Yredelemnul.
  7016 | D:8      | Received a gift from Nemelex Xobeh
  7117 | D:8      | Noticed a komodo dragon
  7158 | D:8      | Killed a komodo dragon
  7158 | D:8      | Reached XP level 10. HP: 39/91 MP: 4/4
  7322 | D:8      | Noticed a komodo dragon
  7329 | D:8      | Killed a komodo dragon
  7345 | D:8      | Noticed a komodo dragon
  7365 | D:8      | Killed a komodo dragon
  7365 | D:8      | Reached skill level 10 in Dodging
  7730 | D:8      | Found a staircase to the Lair.
  7863 | D:9      | Found a sacrificial altar of Ru.
  8400 | D:9      | Received a gift from Nemelex Xobeh
  8415 | D:9      | Acquired Nemelex Xobeh's second power
  8754 | D:10     | Entered Level 10 of the Dungeon
  8795 | D:9      | Reached skill level 12 in Long Blades
  9105 | D:10     | Noticed a hill giant
  9192 | D:9      | Killed a hill giant
  9383 | D:10     | Noticed a hill giant
  9392 | D:10     | Killed a hill giant
  9425 | D:10     | Noticed Psiweapon's ghost (powerful HOFi)
  9441 | D:10     | Killed Psiweapon's ghost
  9441 | D:10     | Reached skill level 13 in Long Blades
  9441 | D:10     | Reached XP level 11. HP: 67/97 MP: 4/4
  9473 | D:10     | Received a gift from Nemelex Xobeh
  9598 | D:10     | Found Cabe's Antique Weapon Shop.
  9604 | D:10     | Received a gift from Nemelex Xobeh
  9787 | D:11     | Noticed Erica
  9807 | D:11     | Killed Erica
  9845 | D:11     | Gained mutation: Scrolls take you a little longer to read. [mutagenic meat]
  9846 | D:11     | Gained mutation: You are clumsy. (Dex -2) [mutagenic meat]
  9847 | D:11     | Gained mutation: You are dopey. (Int -2) [mutagenic meat]
  9848 | D:11     | Gained mutation: Your body is slowly deteriorating. [mutagenic meat]
  9849 | D:11     | Lost mutation: Your body is slowly deteriorating. [potion of cure mutation]
  9849 | D:11     | Lost mutation: Scrolls take you a little longer to read. [potion of cure mutation]
  9849 | D:11     | Lost mutation: You are dopey. (Int -2) [potion of cure mutation]
  9849 | D:11     | Lost mutation: You are clumsy. (Dex -2) [potion of cure mutation]
  9874 | D:11     | Found a labyrinth entrance.
  9874 | D:11     | Noticed Harold
  9910 | D:11     | Reached skill level 14 in Long Blades
  9916 | D:11     | Gained mutation: You are partially covered in rough black scales (AC +4, Dex -1). [mutagenic meat]
  9947 | D:11     | Killed Harold
 10145 | D:11     | Noticed cribozai's ghost (powerful OpCj)
 10147 | D:11     | Noticed a hill giant
 10162 | D:11     | Noticed a sea snake
 10162 | D:11     | a hill giant changed into a sea snake
 10163 | D:11     | a sea snake changed into a cyclops
 10188 | D:11     | Killed cribozai's ghost
 10188 | D:11     | Reached skill level 15 in Long Blades
 10234 | D:11     | Received a gift from Nemelex Xobeh
 10241 | D:11     | Noticed Josephine
 10247 | D:11     | Killed Josephine
 10321 | D:11     | Gained mutation: Your flesh is heat resistant. [mutagenic meat]
 10322 | D:11     | Gained mutation: You have a pair of large horns on your head. [mutagenic meat]
 10323 | D:11     | Gained mutation: You are covered in fur (AC +1). [mutagenic meat]
 10334 | D:11     | Acquired Nemelex Xobeh's third power
 10462 | D:11     | Reached skill level 16 in Long Blades
 10724 | D:12     | Received a gift from Nemelex Xobeh
 10776 | D:12     | Found a staircase to the Orcish Mines.
 10801 | D:12     | Reached XP level 12. HP: 91/104 MP: 5/5
 11083 | D:12     | Found Cogiro's Jewellery Shoppe.
 11219 | D:12     | Received a gift from Nemelex Xobeh
 11608 | D:11     | Reached skill level 17 in Long Blades
 11819 | Lair:1   | Entered Level 1 of the Lair of Beasts
 11988 | Lair:1   | Received a gift from Nemelex Xobeh
 12107 | Lair:1   | Received a gift from Nemelex Xobeh
 12805 | Lair:2   | Received a gift from Nemelex Xobeh
 12894 | Lair:2   | Noticed a five-headed hydra
 12905 | Lair:2   | Killed a one-headed hydra
 12905 | Lair:2   | Reached skill level 18 in Long Blades
 13237 | Lair:2   | Received a gift from Nemelex Xobeh
 13544 | Lair:3   | Received a gift from Nemelex Xobeh
 13815 | Lair:3   | Noticed Maud
 13828 | Lair:3   | Killed Maud
 14660 | Lair:4   | Noticed Rupert
 14674 | Lair:4   | Killed Rupert
 14674 | Lair:4   | Reached skill level 19 in Long Blades
 14730 | Lair:4   | Received a gift from Nemelex Xobeh
 14810 | Lair:4   | Noticed Snorg
 14819 | Lair:4   | Killed Snorg
 14849 | Lair:4   | Reached XP level 13. HP: 84/111 MP: 5/5
 15013 | Lair:4   | Reached XP level 14. HP: 104/118 MP: 5/5
 15097 | Lair:4   | Received a gift from Nemelex Xobeh
 15217 | Lair:4   | Reached skill level 10 in Fighting
 16349 | Lair:5   | Received a gift from Nemelex Xobeh
 16507 | Lair:5   | Slain by a komodo dragon

Action                   |  1- 3 |  4- 6 |  7- 9 | 10-12 | 13-15 || total
-------------------------+-------+-------+-------+-------+-------++-------
Melee: Long sword        |    87 |    74 |   530 |   212 |       ||   903
       Scimitar          |       |       |       |   435 |   235 ||   670
Evoke: Deck              |       |       |    11 |    52 |    15 ||    78
  Use: Scroll            |       |     5 |    10 |    15 |     1 ||    31
       Potion            |       |     1 |       |     8 |     1 ||    10
  Eat: Chunk             |       |     5 |    15 |    29 |     5 ||    54
       Royal jelly       |       |       |       |     1 |       ||     1
       Pizza             |       |       |       |     1 |       ||     1
       Meat ration       |       |       |       |     1 |     1 ||     2
       Beef jerky        |       |       |       |     1 |       ||     1
